 Dungeon Crawl Stone Soup version 0.21.1-1-g345015f (webtiles) character file.

77952 inc the Unseen (level 15, 0/87 HPs)
             Began as a Felid Enchanter on Feb 21, 2018.
             Was the Champion of Dithmenos.
             Succumbed to Aizul's bolt of poison
             ... on level 1 of the Snake Pit.
             The game lasted 02:26:36 (35505 turns).

inc the Unseen (Felid Enchanter)                   Turns: 35505, Time: 02:26:37

Health: 0/87       AC: 16    Str:  4    XL:     15   Next: 16%
Magic:  18/24      EV: 21    Int: 22    God:    Dithmenos [******]
Gold:   2632       SH:  0    Dex: 18    Spells: 5/25 levels left
                                        Lives:  0   Deaths: 4

rFire    x . .     SeeInvis +     - Unarmed
rCold    + + +     Gourm    .   (shield unavailable)
rNeg     . . .     Faith    .   (armour unavailable)
rPois    +         Spirit   .   (helmet unavailable)
rElec    .         Reflect  .   (cloak unavailable)
rCorr    .         Harm     .   (gloves unavailable)
MR       ++...                  (boots unavailable)
Stlth    ++++++++++             j - amulet of rage
HPRegen  0.24/turn              F - ring of poison resistance
MPRegen  0.19/turn              G - ring of protection from cold

@: lethally poisoned (0 -> -23), confusing touch, icy armour (expiring),
ice-form, very slightly contaminated, wreathed by umbra, slow
A: large, no armour, no weapons or thrown items, stealth, see invisible,
carnivore, robust 1, slow metabolism 1
a: End Transformation, Shadow Step, Shadow Form, Renounce Religion, Evoke
Berserk Rage


You were on level 1 of the Snake Pit.
You worshipped Dithmenos.
Dithmenos was exalted by your worship.
You were hungry.
You were a creature of crystalline ice.
You visited 6 branches of the dungeon, and saw 27 of its levels.
You also visited: Labyrinth.

You collected 2654 gold pieces.
You spent 22 gold pieces at shops.

Inventory:

Jewellery
 d - a +2 ring of evasion
 j - an amulet of rage (around neck)
 o - an uncursed ring of protection from fire
 r - an uncursed amulet of harm
 C - an uncursed ring of resist corrosion
 F - a ring of poison resistance (left front paw)
 G - a ring of protection from cold (right front paw)
 Q - a +5 ring of dexterity
 S - an uncursed ring of flight
Wands
 p - a wand of disintegration (6)
 q - a wand of digging (42)
 t - a wand of enslavement (52)
 u - a wand of iceblast (26)
 y - a wand of polymorph (5)
 D - a wand of clouds (5)
 L - a wand of scattershot (1)
Scrolls
 e - 2 scrolls of teleportation
 f - 3 scrolls of fog
 g - 11 scrolls of remove curse
 i - a scroll of immolation
 k - 2 scrolls of enchant weapon
 s - 4 scrolls of blinking
 J - a scroll of amnesia
 K - 3 scrolls of identify
 N - 2 scrolls of enchant armour
 O - a scroll of silence
 W - a scroll of summoning
Potions
 c - 3 potions of agility
 h - 3 potions of curing
 l - a potion of flight {unknown}
 m - 4 potions of resistance
 n - 2 potions of brilliance
 x - a potion of ambrosia
 H - a potion of berserk rage
 I - a potion of cancellation
 M - a potion of lignification
 P - a potion of degeneration
 U - a potion of might
 V - a potion of mutation
Books
 a - a book of Maledictions

   Spells                             Type                      Level
   a - Corona                         Hexes                        1
   b - Ensorcelled Hibernation        Hexes/Ice                    2
   c - Confuse                        Hexes                        3
   d - Tukima's Dance                 Hexes                        3
   e - Dazzling Spray                 Conjuration/Hexes            3
 v - a book of Debilitation

   Spells                             Type                      Level
   a - Corona                         Hexes                        1
   b - Slow                           Hexes                        2
   c - Inner Flame                    Hexes/Fire                   3
   d - Portal Projectile              Hexes/Translocation          3
   e - Cause Fear                     Hexes                        4
   f - Leda's Liquefaction            Hexes/Earth                  4
 w - a book of Frost

   Spells                             Type                      Level
   a - Freeze                         Ice                          1
   b - Throw Frost                    Conjuration/Ice              2
   c - Ozocubu's Armour               Charms/Ice                   3
   d - Throw Icicle                   Conjuration/Ice              4
   e - Summon Ice Beast               Ice/Summoning                4
 z - a book of Cantrips

   Spells                             Type                      Level
   a - Confusing Touch                Hexes                        1
   b - Animate Skeleton               Necromancy                   1
   c - Summon Small Mammal            Summoning                    1
   d - Apportation                    Translocation                1
 A - a Grand Grimoire

   Spells                             Type                      Level
   a - Monstrous Menagerie            Summoning                    7
   b - Summon Greater Demon           Summoning                    7
   c - Malign Gateway                 Summoning/Translocation      7
   d - Summon Horrible Things         Summoning                    8
 B - a book of Beasts

   Spells                             Type                      Level
   a - Summon Butterflies             Summoning                    1
   b - Call Canine Familiar           Summoning                    3
   c - Summon Ice Beast               Ice/Summoning                4
   d - Summon Mana Viper              Hexes/Summoning              5
   e - Summon Hydra                   Summoning                    7
 E - a book of Clouds

   Spells                             Type                      Level
   a - Poisonous Vapours              Poison/Air                   2
   b - Mephitic Cloud                 Conjuration/Poison/Air       3
   c - Conjure Flame                  Conjuration/Fire             3
   d - Freezing Cloud                 Conjuration/Ice/Air          6
   e - Ring of Flames                 Charms/Fire                  7
 R - a book of Air

   Spells                             Type                      Level
   a - Shock                          Conjuration/Air              1
   b - Swiftness                      Charms/Air                   2
   c - Static Discharge               Conjuration/Air              3
   d - Airstrike                      Air                          4
   e - Lightning Bolt                 Conjuration/Air              5
 T - a book of Changes

   Spells                             Type                      Level
   a - Beastly Appendage              Transmutation                1
   b - Sticks to Snakes               Transmutation                2
   c - Spider Form                    Transmutation/Poison         3
   d - Ice Form                       Ice/Transmutation            4
   e - Blade Hands                    Transmutation                5
Comestibles
 b - 32 rations


   Skills:
 - Level 9.3 Fighting
 + Level 14.7 Dodging
 - Level 16.3 Stealth
 - Level 10.0 Unarmed Combat
 - Level 5.5 Spellcasting
 + Level 15.8 Hexes
 - Level 8.1 Charms
 - Level 8.5 Transmutations
 - Level 9.0 Ice Magic
 - Level 6.0 Evocations


You had 5 spell levels left.
You knew the following spells:

 Your Spells              Type           Power        Failure   Level  Hunger
a - Ozocubu's Armour      Chrm/Ice       #####...     1%          3    ##.....
b - Ensorcelled Hibernat  Hex/Ice        ######       1%          2    None
c - Confuse               Hex            ######..     1%          3    ##.....
d - Tukima's Dance        Hex            ######..     1%          3    ##.....
e - Confusing Touch       Hex            ######       0%          1    None
f - Cause Fear            Hex            ######....   1%          4    ####...
g - Ice Form              Ice/Tmut       #####...     2%          4    ####...


Dungeon Overview and Level Annotations

Branches:
Dungeon (15/15)            Temple (0/1) D:5            Lair (6/6) D:8
  Swamp (2/4) Lair:2        Snake (1/4) Lair:3        Slime (0/5) Lair:6
    Orc (2/2) D:11            Elf (1/3) Orc:2        Vaults (0/5) D:13
 Depths: D:15

Altars:
Ashenzari
Cheibriados
Dithmenos
Elyvilon
Gozag
Hepliaklqana
Kikubaaqudgha
Makhleb
Nemelex Xobeh
Okawaru
Qazlal
Ru
Trog
Vehumet
Wu Jian
Yredelemnul
Beogh

Shops:
D:7 *   D:8 [   D:9 [   D:11 [}![   D:14 (   D:15 *   Orc:2 }**

Portals:
Hell: Lair:6

Annotations:
D:5 Blork the orc, Dowan, Duvessa
D:9 4 exclusions
Lair:2 exclusion: oklob plant
Swamp:2 Nikola
Snake:1 Aizul


Innate Abilities, Weirdness & Mutations

You cannot wear armour.
You are incapable of wielding weapons or throwing items.
Your paws allow you to move quietly. (Stealth)
((You have sharp claws.))
((You have razor-sharp teeth.))
You have supernaturally acute eyesight. (SInv)
You are carnivorous and can eat meat at any time.
((You cover ground quickly.))
((Your thick and shaggy fur keeps you warm. (AC +3, rC+)))
You have a slow metabolism.
((Your sharp claws are effective at attacking unaware monsters.))
You are robust. (+10% HP)
((You are resistant to electric shocks. (rElec)))


Message History

The poison arrow hits you!
You are poisoned.
You partially resist.
* * * LOW HITPOINT WARNING * * *
Aizul casts a spell at you. The poison arrow misses you.
Blink to where?
Press: ? - help, Dir - move target cursor You are very lightly contaminated with residual magic.
As you read the scroll of blinking, it crumbles to dust.
You feel sick.
You feel sick. Aizul casts a spell at you. The bolt of poison hits you!
You are lethally poisoned!
You resist.
* * * LOW HITPOINT WARNING * * *
There is a staircase back to the Lair here.
Your icy armour starts to melt.
You die...

#........#
#......#
#........#
#......#
#..####..#
#S....##
#.. #..#
#SN...# #..
#..#
#.###.# #..
#..# #S# .#
##
##.###.##
.# #..##..#
.# #Y..S..#
#......#
...
##.....##
#..##
#......#
#...#
#...##.#
...#
##..##..##
#..##
#..###..##
#...# ##..#
#.)## #..##
#..####.(##


You could see Aizul.

Vanquished Creatures
  Agnes (Snake:1)
  Kirke (Snake:1)
  Donald (Snake:1)
  Louise (Swamp:1)
  A fire dragon (D:14)
  A yaktaur captain (D:13)
  A minotaur (Lab)
  11 hydras
  3 naga warriors (Snake:1)
  The ghost of Mirai the Cleaver, a journeyman DsBe of Trog (D:11)
  2 centaur warriors
  2 catoblepae
  4 alligators (Swamp:1)
  A death knight (D:12)
  7 two-headed ogres
  A naga sharpshooter (Snake:1)
  A tengu warrior (D:14)
  Sonja (D:14)
  A sun demon (Lair:6)
  2 skeletal warriors
  A death drake (shapeshifter) (Elf:1)
  A swamp dragon (Swamp:1)
  An unseen horror (D:15)
  A wizard (Lair:6)
  3 orc knights
  A wolf spider zombie (D:10)
  3 mana vipers (Snake:1)
  5 deep elf magi
  3 cyclopes
  3 ugly things
  A manticore (D:11)
  8 elephants
  Maurice (D:12)
  A salamander (Snake:1)
  A guardian serpent (Snake:1)
  8 black mambas
  A black mamba (shapeshifter) (Elf:1)
  4 naga magi (Snake:1)
  A gargoyle (D:12)
  12 spiny frogs
  6 kobold demonologists
  4 rime drakes
  10 komodo dragons
  5 ice devils (Lair:6)
  2 tengu conjurers (D:13)
  3 freezing wraiths (D:12)
  2 yaktaurs (D:13)
  A hellwing (Lair:6)
  A red devil (Lair:6)
  5 trolls
  A blink frog (Lair:6)
  10 slime creatures
  10 hippogriffs
  A bog body (Swamp:1)
  2 shadows
  61 yaks
  A water elemental (Elf:1)
  3 wyverns
  2 wraiths (D:14)
  A hog (Snake:1)
  3 basilisks
  29 vampire mosquitoes
  2 hungry ghosts (D:12)
  A steam dragon (D:8)
  9 nagas (Snake:1)
  2 two-headed ogre zombies (D:11)
  A swamp worm (Swamp:1)
  A warg (Orc:1)
  6 insubstantial wisps (Swamp:1)
  22 water moccasins
  3 hell hounds (Lair:6)
  6 porcupines
  2 swamp drakes (Swamp:1)
  4 sky beasts
  3 ice beasts
  3 black bears
  An eye of draining (D:13)
  A hornet zombie (D:10)
  3 necrophages
  31 orc warriors
  10 ogres
  7 phantoms
  18 centaurs
  10 wolves
  5 big kobolds
  15 crocodiles
  18 bullfrogs
  A gnoll sergeant (D:7)
  A wyvern zombie (D:13)
  A troll zombie (D:11)
  4 scorpions
  6 killer bees
  3 wights (D:9)
  6 howler monkeys
  6 crimson imps
  3 bullfrog zombies
  A quasit (D:14)
  A centaur zombie (D:5)
  10 hounds
  5 jellies
  3 centaur skeletons
  Crazy Yiuf (D:4)
  9 orc priests
  A bullfrog skeleton (D:4)
  2 iguanas
  18 orc wizards
  12 worker ants
  5 ogre zombies (D:11)
  3 hound skeletons
  2 worker ant zombies
  6 gnolls
  13 adders
  A howler monkey skeleton (D:5)
  3 shadow imps
  An ooze (D:3)
  3 adder skeletons
  6 worms
  5 leopard geckos
  81 orcs
  3 ball pythons
  5 bats
  2 giant cockroaches (D:2)
  5 goblins
  A hobgoblin (D:3)
  12 jackals
  4 quokkas
  A frilled lizard (D:2)
  A giant cockroach zombie (D:5)
  3 goblin skeletons (D:11)
  2 goblin zombies (D:11)
  2 hobgoblin skeletons (D:11)
  3 hobgoblin zombies (D:11)
  A jackal skeleton (D:6)
  A jackal zombie (D:7)
  35 kobolds
  A leopard gecko zombie (D:5)
  3 orc skeletons (D:11)
  12 orc zombies (D:11)
  2 quokka skeletons (D:7)
  3 rats (D:1)
776 creatures vanquished.

Vanquished Creatures (collateral kills)
  A two-headed ogre (D:10)
  An orc priest (D:10)
  An orc (D:8)
3 creatures vanquished.

Vanquished Creatures (others)
  4 humans (Snake:1)
  An orc warrior (Orc:2)
  An orc (Orc:2)
  9 fungi
  10 plants
25 creatures vanquished.

Grand Total: 804 creatures vanquished

Notes
Turn   | Place    | Note
-------+----------+-------------------------------------------
     0 | D:1      | inc the Felid Enchanter began the quest for the Orb.
     0 | D:1      | Reached XP level 1. HP: 7/7 MP: 4/4
   788 | D:2      | Reached XP level 2. HP: 11/11 MP: 4/6
   812 | D:2      | Learned a level 2 spell: Ensorcelled Hibernation
  1103 | D:2      | Reached XP level 3. HP: 14/14 MP: 7/7
  1295 | D:2      | Learned a level 3 spell: Confuse
  2523 | D:3      | Reached XP level 4. HP: 18/18 MP: 0/8
  2686 | D:4      | Reached skill level 1 in Fighting
  2696 | D:4      | Found a runed door.
  2939 | D:4      | Noticed a phantom
  2986 | D:4      | Killed a phantom
  2986 | D:4      | Reached XP level 5. HP: 22/22 MP: 1/9
  3011 | D:4      | Reached skill level 5 in Dodging
  3080 | D:4      | Gained mutation: You are covered in thick fur. (AC +2) [Felid growth]
  3080 | D:4      | Reached XP level 6. HP: 26/26 MP: 1/10
  3112 | D:4      | Found a hazy altar of Hepliaklqana.
  3178 | D:4      | Found a bloodstained altar of Trog.
  3180 | D:4      | Found a sparkling altar of Nemelex Xobeh.
  3181 | D:4      | Found a basalt altar of Yredelemnul.
  3184 | D:4      | Found a snail-covered altar of Cheibriados.
  3188 | D:4      | Found a shadowy altar of Dithmenos.
  3189 | D:4      | Found an iron altar of Okawaru.
  3218 | D:4      | Became a worshipper of Dithmenos the Shadowed
  3332 | D:4      | Reached skill level 1 in Ice Magic
  3571 | D:4      | Noticed Crazy Yiuf
  3577 | D:4      | Killed Crazy Yiuf
  3577 | D:4      | Reached skill level 5 in Hexes
  3607 | D:5      | Entered Level 5 of the Dungeon
  3815 | D:3      | Found a shattered altar of Ashenzari.
  4583 | D:5      | Reached XP level 7. HP: 30/30 MP: 5/11
  4609 | D:5      | Found a staircase to the Ecumenical Temple.
  4665 | D:5      | Noticed Blork the orc
  4939 | D:4      | Found an ornate altar of the Wu Jian Council.
  5098 | D:5      | Reached * piety under Dithmenos
  5495 | D:6      | Slain by an orc
  5496 | D:6      | Reached XP level 6. HP: -3/26 MP: 3/10
  5549 | D:6      | Noticed a sky beast
  5567 | D:6      | Killed a sky beast
  5773 | D:6      | Reached XP level 7. HP: 31/31 MP: 6/11
  6501 | D:7      | Found an opulent altar of Gozag.
  6509 | D:7      | Reached skill level 5 in Stealth
  6679 | D:7      | Found Gozag's Platinum Reserve.
  6761 | D:7      | Reached skill level 6 in Stealth
  6761 | D:7      | Reached XP level 8. HP: 36/36 MP: 8/12
  6790 | D:7      | Found an ancient bone altar of Kikubaaqudgha.
  6999 | D:7      | Reached skill level 7 in Stealth
  7346 | D:7      | Reached skill level 8 in Stealth
  7495 | D:6      | Found a sparkling altar of Nemelex Xobeh.
  7534 | D:6      | Reached ** piety under Dithmenos
  7560 | D:6      | Reached skill level 9 in Stealth
  7605 | D:5      | Noticed Dowan
  7661 | D:5      | Noticed Duvessa
  8724 | D:6      | Found a radiant altar of Vehumet.
  8983 | D:8      | Found Siddocs's Antique Armour Shoppe.
  9177 | D:8      | Found a staircase to the Lair.
  9178 | D:8      | Noticed a komodo dragon
  9300 | D:8      | Killed a komodo dragon
  9300 | D:8      | Reached XP level 9. HP: 39/39 MP: 1/13
  9436 | D:8      | Found a roughly hewn altar of Beogh.
  9469 | D:9      | Learned a level 3 spell: Tukima's Dance
  9554 | D:9      | Found a stormy altar of Qazlal.
  9655 | D:9      | Found a sacrificial altar of Ru.
  9918 | D:9      | Reached *** piety under Dithmenos
  9927 | D:9      | Learned a level 3 spell: Ozocubu's Armour
  9927 | D:9      | Found Oclokarph's Armour Boutique.
  9943 | D:9      | Noticed a queen bee
 10277 | D:10     | Entered Level 10 of the Dungeon
 10592 | D:10     | Reached skill level 5 in Spellcasting
 10807 | D:10     | Slain by a wolf spider zombie
 10808 | D:10     | Reached XP level 8. HP: -3/36 MP: 13/16
 11051 | D:11     | Noticed a kobold demonologist
 11051 | D:11     | Noticed a kobold demonologist
 11070 | D:11     | Reached XP level 9. HP: 37/39 MP: 7/18
 11093 | D:11     | Noticed a kobold demonologist
 11095 | D:11     | Noticed a hellwing
 11181 | D:11     | Noticed a two-headed ogre
 11232 | D:11     | HP: 1/39 [two-headed ogre/giant club (5)]
 11550 | D:11     | Found Xufet's Gadget Shop.
 11555 | D:11     | Noticed an eight-headed hydra
 11555 | D:11     | Noticed Mirai's ghost (journeyman DsBe)
 11571 | D:11     | Noticed a manticore
 11616 | D:11     | Noticed a red devil
 11617 | D:11     | Noticed an orange demon
 11747 | D:10     | Reached skill level 10 in Stealth
 11849 | D:10     | Noticed a two-headed ogre
 11860 | D:10     | Killed a two-headed ogre
 11860 | D:10     | Reached skill level 11 in Stealth
 11911 | D:10     | Noticed a two-headed ogre
 11922 | D:10     | Killed a two-headed ogre
 11922 | D:10     | Reached skill level 12 in Stealth
 11922 | D:10     | Reached XP level 10. HP: 18/43 MP: 1/19
 12281 | D:8      | Reached **** piety under Dithmenos
 12402 | D:8      | Reached skill level 13 in Stealth
 12554 | D:8      | Learned a level 1 spell: Confusing Touch
 12589 | D:8      | Learned a level 4 spell: Cause Fear
 12875 | D:8      | Reached skill level 5 in Unarmed Combat
 13397 | Lair:1   | Entered Level 1 of the Lair of Beasts
 13404 | Lair:1   | Reached skill level 1 in Evocations
 13435 | Lair:1   | Noticed a spiny frog
 13441 | Lair:1   | Killed a spiny frog
 13534 | Lair:1   | Noticed a black mamba
 13543 | Lair:1   | Killed a black mamba
 13604 | Lair:1   | Noticed a spiny frog
 13612 | Lair:1   | Killed a spiny frog
 13846 | Lair:1   | Noticed a spiny frog
 13857 | Lair:1   | Killed a spiny frog
 14125 | Lair:1   | Reached skill level 5 in Evocations
 14141 | Lair:1   | Reached XP level 11. HP: 46/46 MP: 11/20
 14794 | Lair:2   | Found a labyrinth entrance.
 14802 | Lab      | Entered a labyrinth
 15877 | Lab      | Noticed a minotaur
 15882 | Lab      | Killed a minotaur
 15940 | Lair:2   | Reached ***** piety under Dithmenos
 15961 | Lair:2   | Noticed an eight-headed hydra
 15961 | Lair:2   | Slain by a vampire mosquito
 15962 | Lair:2   | Reached XP level 10. HP: 0/43 MP: 19/19
 15970 | Lair:2   | Noticed an eight-headed hydra
 16354 | Lair:2   | Reached skill level 10 in Unarmed Combat
 16422 | Lair:2   | Reached skill level 1 in Charms
 16638 | Lair:3   | Noticed a black mamba
 16658 | Lair:3   | Found a staircase to the Snake Pit.
 16686 | Lair:3   | Reached XP level 11. HP: 31/46 MP: 10/20
 17031 | Lair:3   | Reached skill level 5 in Charms
 17498 | Lair:3   | Reached skill level 5 in Ice Magic
 17857 | Lair:2   | Noticed an oklob plant
 17924 | Lair:2   | Found a staircase to the Swamp.
 18367 | Lair:3   | Killed an eight-headed hydra
 18367 | Lair:3   | Reached skill level 10 in Hexes
 18589 | Lair:2   | Killed an eight-headed hydra
 18927 | Lair:4   | Gained mutation: Your thick and shaggy fur keeps you warm. (AC +3, rC+) [Felid growth]
 18927 | Lair:4   | Reached XP level 12. HP: 50/50 MP: 13/21
 20324 | Lair:6   | Entered Level 6 of the Lair of Beasts
 20324 | Lair:6   | Noticed a catoblepas
 20392 | Lair:6   | Noticed a four-headed hydra
 20473 | Lair:6   | Noticed a seven-headed hydra
 20780 | Lair:5   | Reached skill level 5 in Fighting
 21288 | D:11     | Found Waecid's Armour Shop.
 21497 | D:11     | Killed a two-headed ogre
 21545 | D:11     | Noticed a two-headed ogre
 21553 | D:11     | Killed a two-headed ogre
 21576 | D:11     | Found Usemuc's Antique Armour Shoppe.
 21588 | D:11     | Noticed an eight-headed hydra
 21624 | D:11     | Killed an eight-headed hydra
 21657 | D:11     | Reached ****** piety under Dithmenos
 21668 | D:11     | Found a staircase to the Orcish Mines.
 21985 | D:11     | Killed an eight-headed hydra
 22193 | D:11     | Killed Mirai's ghost
 22193 | D:11     | Reached XP level 13. HP: 59/59 MP: 19/22
 22397 | D:11     | Found Xaitay's Distillery.
 22550 | D:12     | Reached skill level 10 in Dodging
 23083 | Orc:1    | Entered Level 1 of the Orcish Mines
 23656 | Orc:2    | Entered Level 2 of the Orcish Mines
 24029 | Orc:2    | HP: 1/59 [orc warrior/bolt (18)]
 25892 | Orc:2    | Found Zaevvug's Antique Weapon Shop.
 25892 | Orc:2    | Found Loloty's General Store.
 25894 | Orc:2    | Found Ofeuklu's Gadget Shoppe.
 25896 | Orc:2    | Found Sufuut's Assorted Antiques.
 25910 | Orc:2    | Bought a cursed -6 ring of slaying for 22 gold pieces
 26023 | Orc:2    | Found a staircase to the Elven Halls.
 26353 | Elf:1    | Entered Level 1 of the Elven Halls
 26391 | Elf:1    | Mangled by a battleaxe of holy wrath
 26392 | Elf:1    | Reached XP level 12. HP: -6/56 MP: 21/21
 26421 | Elf:1    | Noticed a deep elf demonologist
 26683 | D:12     | Noticed Maurice
 26690 | D:12     | Killed Maurice
 26709 | D:12     | Reached skill level 14 in Stealth
 27171 | D:12     | Killed a death knight
 27337 | D:12     | Reached XP level 13. HP: 56/59 MP: 14/22
 27937 | D:13     | Found a gate to the Vaults.
 27942 | D:13     | Reached skill level 15 in Stealth
 28609 | D:13     | Reached skill level 16 in Stealth
 28852 | D:13     | Learned a level 4 spell: Ice Form
 28998 | D:13     | Gained mutation: You are dopey. (Int -2) [potion of mutation]
 28998 | D:13     | Lost mutation: You are dopey. (Int -2) [potion of mutation]
 28998 | D:13     | Gained mutation: You are clumsy. (Dex -2) [potion of mutation]
 28998 | D:13     | Gained mutation: You have a pair of small horns on your head. [potion of mutation]
 28999 | D:13     | Lost mutation: You are clumsy. (Dex -2) [potion of mutation]
 28999 | D:13     | Gained mutation: Your body sometimes deteriorates upon taking damage. [potion of mutation]
 28999 | D:13     | Gained mutation: You are robust. (+10% HP) [potion of mutation]
 28999 | D:13     | Gained mutation: You can translocate small distances at will. [potion of mutation]
 29001 | D:13     | Lost mutation: Your body sometimes deteriorates upon taking damage. [potion of mutation]
 29001 | D:13     | Lost mutation: You can translocate small distances at will. [potion of mutation]
 29001 | D:13     | Lost mutation: You have a pair of small horns on your head. [potion of mutation]
 29001 | D:13     | Lost mutation: You are robust. (+10% HP) [potion of mutation]
 29001 | D:13     | Gained mutation: You are resistant to electric shocks. (rElec) [potion of mutation]
 29001 | D:13     | Gained mutation: You are robust. (+10% HP) [potion of mutation]
 29046 | D:14     | Noticed Sonja
 29050 | D:14     | Killed Sonja
 29050 | D:14     | Reached skill level 1 in Transmutations
 29212 | D:14     | Noticed a fire dragon
 29237 | D:14     | Killed a fire dragon
 29636 | D:14     | Reached skill level 5 in Transmutations
 29928 | D:14     | Found Wemut's Weapon Shop.
 30443 | D:15     | Entered Level 15 of the Dungeon
 30459 | D:15     | Found a white marble altar of Elyvilon.
 30460 | D:15     | Found Res Raerr's Assorted Antiques.
 31031 | Lair:6   | Reached XP level 14. HP: 69/69 MP: 17/23
 31382 | Lair:6   | Found a staircase to the Slime Pits.
 32370 | Lair:6   | Found a burning altar of Makhleb.
 32376 | Lair:6   | Found a gateway to Hell.
 32574 | Swamp:1  | Entered Level 1 of the Swamp
 32719 | Swamp:1  | Noticed Louise
 33152 | Swamp:1  | Killed Louise
 33757 | Swamp:1  | HP: 1/70 [spiny frog (18)]
 34238 | Swamp:2  | Noticed Nikola
 34601 | Snake:1  | Entered Level 1 of the Snake Pit
 34612 | Snake:1  | Noticed Agnes
 34619 | Snake:1  | Killed Agnes
 34694 | Snake:1  | Noticed Donald
 34698 | Snake:1  | Killed Donald
 34698 | Snake:1  | Reached skill level 15 in Hexes
 34766 | Snake:1  | Reached XP level 15. HP: 71/73 MP: 6/24
 34908 | Snake:1  | Noticed Kirke
 34931 | Snake:1  | Killed Kirke
 35175 | Snake:1  | Noticed Aizul
 35504 | Snake:1  | HP: 2/87 [Aizul/bolt of poison (6)]
 35505 | Snake:1  | Succumbed to Aizul's bolt of poison

Skill      XL: |  1  2  3  4  5  6  7  8  9 10 11 12 13 14 |
---------------+-------------------------------------------+-----
Unarmed Combat | 2 3 4 10 8 | 10.0
Fighting       | 2 3 4 8 9 |  9.3
Dodging        | 4 5 6 9 12 14 | 14.7
Ice Magic      | 3 7 8 9 |  9.0
Hexes          | 7 6 9 11 12 15 | 15.8
Stealth        | 6 9 12 13 14 16 | 16.3
Spellcasting   | 5 |  5.5
Evocations     | 5 6 |  6.0
Charms         | 3 6 8 7 |  8.1
Transmutations | 8 |  8.5

Action                   |  1- 3 |  4- 6 |  7- 9 | 10-12 | 13-15 || total
-------------------------+-------+-------+-------+-------+-------++-------
Melee: Unarmed           |   105 |   130 |   472 |   523 |   716 ||  1946
       Bite              |     8 |    10 |    44 |    35 |    44 ||   141
       Punch             |       |     3 |     7 |    18 |    12 ||    40
 Cast: Corona            |     5 |       |       |       |       ||     5
       Ensorcelled Hiber |    27 |    35 |   131 |   229 |   291 ||   713
       Confuse           |     1 |     6 |    36 |    35 |    76 ||   154
       Tukima's Dance    |       |       |     5 |     2 |       ||     7
       Ozocubu's Armour  |       |       |     3 |    13 |    50 ||    66
       Cause Fear        |       |       |       |    16 |    22 ||    38
       Confusing Touch   |       |       |       |       |    27 ||    27
       Ice Form          |       |       |       |       |     5 ||     5
Invok: Shadow Step       |       |       |       |     3 |     3 ||     6
 Abil: Evoke Berserk Rag |       |       |       |     2 |       ||     2
       Blink             |       |       |       |       |     1 ||     1
  Use: Scroll            |       |       |     3 |    14 |    15 ||    32
       Potion            |       |       |       |     2 |    11 ||    13
 Stab: Sleeping          |    21 |    27 |    95 |   184 |   223 ||   550
       Confused          |       |     5 |    21 |    25 |    74 ||   125
       Distracted        |       |     1 |     4 |     6 |       ||    11
  Eat: Chunk             |     4 |    10 |    11 |    28 |    28 ||    81
       Ration            |       |       |     3 |       |     2 ||     5
Armor: Skin              |     9 |     4 |    11 |    19 |    40 ||    83
Dodge: Dodged            |    88 |    96 |   423 |   548 |   851 ||  2006
